 Dungeon Crawl Stone Soup version 0.30.1-3-gfc49f6343a (webtiles) character file.

Game seed: 2137965384710932915

127 Peloso the Slasher (level 4, 0/41 HPs)
             Began as a Minotaur Fighter on July 26, 2023.
             Slain by an orc
             ... wielding a +0 flail
              (1 damage)
             ... on level 3 of the Dungeon.
             The game lasted 00:03:50 (1891 turns).

Peloso the Slasher (Minotaur Fighter)               Turns: 1891, Time: 00:03:50

Health: 0/41       AC:  8    Str: 21    XL:     4   Next: 85%
Magic:  3/3        EV:  9    Int:  5    God:
Gold:   151        SH:  4    Dex: 11    Spells: 3/3 levels left

rFire   . . .        a - +0 long sword
rCold   + . .        d - +0 buckler
rNeg    . . .        b - +0 scale mail
rPois   .            (helmet restricted)
rElec   .            (no cloak)
rCorr   .            c - +0 pair of gloves
SInv    .            (no boots)
Will    .....        (no amulet) Stlth
                     g - ring of protection from cold
HPRegen 0.26/turn    e - ring of flight
MPRegen 0.08/turn

%: no passive effects
@: flying
A: horns 2, retaliatory headbutt
a: no special abilities


You were on level 3 of the Dungeon.
You visited 1 branch of the dungeon, and saw 3 of its levels.

You collected 151 gold pieces.

Inventory:

Hand Weapons
 a - a +0 long sword (weapon)
Armour
 b - a +0 scale mail (worn)
 c - a +0 pair of gloves (worn)
 d - a +0 buckler (worn)
Jewellery
 e - a ring of flight (right hand)
 g - a ring of protection from cold (left hand)
 h - a ring of resist corrosion
Scrolls
 f - a scroll of identify
 k - a scroll of noise
Potions
 i - 2 potions of curing {unknown}
 j - 2 potions of might


   Skills:
 + Level 4.4 Fighting
 + Level 4.5 Long Blades
 + Level 4.2 Armour
 + Level 0.5 Dodging
 + Level 0.2 Stealth
 + Level 4.1 Shields


You had 3 spell levels left.
You didn't know any spells.
Your spell library contained the following spells:

 Spells                   Type           Power      Damage    Failure   Level
 Sting                    Tmut/Pois      0%         1d3       86%         1
 Lesser Beckoning         Tloc           0%         N/A       95%         2
 Poisonous Vapours        Pois/Air       0%         N/A       95%         2
 Gell's Gravitas          Tloc           0%         N/A       99%         3
 Teleport Other           Tloc           0%         N/A       99%         3
 Olgreb's Toxic Radiance  Pois           0%         N/A       100%        4
 Blade Hands              Tmut           0%         N/A       100%        5
 Irradiate                Conj/Tmut      0%         3d11      100%        5
 Dragon Form              Tmut           0%         N/A       100%        7


Dungeon Overview and Level Annotations

Branches:
Dungeon (3/15)

Altars:

Annotations:
D:3 Terence


Innate Abilities, Weirdness & Mutations

You have a pair of horns on your head.
You reflexively headbutt those who attack you in melee.


Message History

Terence and a goblin come into view.
Terence shouts!
You hear a shout! x2
An endoplasm and 2 orcs come into view.
Found a rapier.
You hear the slow rusting of a very distant drain.
The orc shouts!
The hobgoblin barely misses you. You block the orc's attack.
The orc attacks as you move away! The orc hits you with a +0 flail.
You closely miss the hobgoblin. The hobgoblin closely misses you.
You furiously retaliate!
You headbutt the hobgoblin.
You kill the hobgoblin!
The rat bites you but does no damage.
You hit the rat.
You kill the rat!
Terence barely misses you. You furiously retaliate!
You headbutt Terence, but do no damage.
Unknown command.
You closely miss Terence. You headbutt Terence.
Terence is lightly wounded.
Terence hits you but does no damage.
The endoplasm hits you but does no damage.
You hit Terence but do no damage.
Terence is lightly wounded.
Terence hits you with a +0 mace! The endoplasm freezes you.
You are frozen.
You resist.
You completely miss Terence. Your headbutt misses Terence.
Terence is lightly wounded.
Terence hits you with a +0 mace. The endoplasm freezes you.
You are frozen.
You resist. The orc barely misses you. You furiously retaliate!
You headbutt the orc. The endoplasm barely misses you.
You block Terence's attack. The orc hits you with a +0 flail!
* * * LOW HITPOINT WARNING * * *
The orc hits you with a +0 flail!
* * * LOW HITPOINT WARNING * * *
Terence attacks as you move away! Terence completely misses you.
The orc attacks as you move away! The orc hits you with a +0 flail.
You die...

######### #.......# ####
#.......# ...# ###.......#
...# #.........###### ####
...####..........g...###....#
...'...)........@oJ...>...#
...###)....#####.@o.......#
....##.....# ######.......#
....##.....# .....####
....##...### .......#
....##...# ...J..#.<#
....##...# ..........#
....##...# ...).......#
########## #........##.#


You could see Terence, 2 orcs, an endoplasm and a goblin.

Vanquished Creatures
  2 adders (D:2)
  4 gnolls (D:2)
  2 worms
  2 dart slugs (D:1)
  An orc (D:3)
  7 ball pythons
  3 endoplasms
  2 giant cockroaches (D:1)
  5 goblins
  9 hobgoblins
  A quokka (D:2)
  3 bats
  3 frilled lizards
  11 kobolds
  6 rats
61 creatures vanquished.

Notes
Turn   | Place    | Note
-------+----------+-------------------------------------------
     0 | D:1      | Peloso the Minotaur Fighter began the quest for the Orb.
     0 | D:1      | Reached XP level 1. HP: 19/19 MP: 0/0
    86 | D:1      | Reached XP level 2. HP: 19/27 MP: 1/1
   357 | D:1      | Found a faded altar of an unknown god.
   464 | D:1      | Reached XP level 3. HP: 30/34 MP: 2/2
  1208 | D:2      | Reached XP level 4. HP: 41/41 MP: 3/3
  1877 | D:3      | Noticed Terence
  1890 | D:3      | HP: 1/41 [orc/+0 flail (7)]
  1891 | D:3      | Slain by an orc

Illustrated notes

Levels and vault maps discovered:
D:1:      psy_arrival_conway, layout_rooms,
          hellmonk_ecumenical_altar_heavens_door, amcnicky_mini_pool_small,
          minmay_small_reverse_x
D:2:      layout_loops_corners, minivault_19
D:3:      layout_basic, portal_sewer_entry_f, uniq_terence

Skill      XL: |  1  2  3  4 |
---------------+-------------+-----
Fighting       | 4 |  4.4
Long Blades    | 3 4 |  4.5
Shields        | 4 |  4.1
Armour         | 4 |  4.2
Dodging        | |  0.5
Stealth        | |  0.2

Action                     |  1- 3 |  4- 6 || total
---------------------------+-------+-------++-------
  Melee: Long sword        |    83 |    40 ||   123
         Headbutt          |    11 |     6 ||    17
    Use: Potion            |     1 |       ||     1
         Scroll            |     1 |     3 ||     4
 Armour: Scale mail        |    38 |    29 ||    67
  Dodge: Dodged            |    36 |    30 ||    66
  Block: Buckler           |    18 |    11 ||    29
